[Event "EYCC Open-U14 2019"]
[Site "Bratislava"]
[Date "2019.08.04"]
[Round "3.4"]
[White "Morgunov, Marc"]
[Black "Pozzari, Simone"]
[Result "1/2-1/2"]
[ECO "B32"]
[WhiteElo "2314"]
[BlackElo "2179"]
[Annotator "NA"]
[PlyCount "71"]
[EventDate "2019.08.02"]
[EventType "swiss"]
[EventCountry "SVK"]
[SourceTitle "playchess.com"]
[Source "ChessBase"]
[SourceQuality "1"]
[TimeControl "40/5400+30:1800+30"]

1. e4 c5 2. Nf3 Nc6 3. d4 cxd4 4. Nxd4 e5 5. Nb5 d6 6. N1c3 a6 7. Na3 b5 8. Nd5 Nce7 9. Bg5 h6 10. Bxe7 Nxe7 11. c4 Nxd5 12. Qxd5 Be6 13. Qd2 Qh4 14. Qe3 bxc4 15. g3 Qg5 16. Bxc4 Qxe3+ 17. fxe3 Kd7 18. Rf1 Be7 19. Bxe6+ Kxe6 20. Rd1 Rhc8 21. b3 Rc5 22. Nc4 Rb8 23. Rf2 Rb4 24. Rfd2 Rcxc4 25. bxc4 Rxc4 26. Rd3 Rxe4 27. Ra3 a5 28. Ke2 a4 29. Rb1 d5 30. Rb6+ Kf5 31. Rd3 d4 32. Rb7 Ke6 33. Kf3 Rxe3+ 34. Rxe3 dxe3 35. Kxe3 a3 36. Ke4 1/2-1/2

[Event "EYCC Open-U14 2019"]
[Site "Bratislava"]
[Date "2019.08.04"]
[Round "3.5"]
[White "Mitusov, Semen"]
[Black "Krastev, Alexander"]
[Result "1/2-1/2"]
[ECO "C11"]
[WhiteElo "2199"]
[BlackElo "2325"]
[Annotator "NA"]
[PlyCount "171"]
[EventDate "2019.08.02"]
[EventType "swiss"]
[EventCountry "SVK"]
[SourceTitle "playchess.com"]
[Source "ChessBase"]
[SourceQuality "1"]
[TimeControl "40/5400+30:1800+30"]

1. e4 e6 2. Nf3 d5 3. Nc3 Nf6 4. e5 Nfd7 5. d4 c5 6. dxc5 Nc6 7. Bf4 Nxc5 8. a3 Be7 9. Be2 a6 10. O-O O-O 11. Re1 f6 12. Bg3 f5 13. h3 Qb6 14. Qc1 Ne4 15. Nxe4 fxe4 16. Nh2 Bd7 17. Ng4 Nd4 18. Bd1 Rf7 19. Ne3 Raf8 20. Bg4 Qc6 21. Qd1 Bc5 22. c3 Nf5 23. Bxf5 exf5 24. Bf4 Be6 25. Nc2 Qb6 26. Qd2 h6 27. h4 Qd8 28. g3 Rd7 29. Nd4 Qe8 30. Rac1 Ba7 31. Rc2 Qe7 32. Kg2 Rc8 33. Kg1 Rc4 34. Rec1 Rd8 35. Kf1 Rdc8 36. Kg1 Qd7 37. Kg2 Kh7 38. Kg1 R4c7 39. Rd1 Bxd4 40. Qxd4 Rc4 41. Qb6 R8c6 42. Qa7 d4 43. b3 Rxc3 44. Rxc3 Rxc3 45. Rxd4 Qf7 46. Rd8 Rxb3 47. Qb8 Kg6 48. Rf8 Qd7 49. Rd8 Rb1+ 50. Kh2 Qb5 51. Qd6 Qb6 52. Qxb6 Rxb6 53. Rd6 Rc6 54. Kg2 Kf7 55. Rxc6 bxc6 56. f3 Bd7 57. fxe4 fxe4 58. Bc1 Ke6 59. Bb2 Kd5 60. Kf2 Kc4 61. Ke3 Kb3 62. e6 Bxe6 63. Bxg7 h5 64. Bf8 Bd5 65. Kd4 Kc2 66. Bb4 Kb3 67. Bf8 a5 68. Be7 Kc2 69. Ke3 Kc3 70. Bf8 Kc4 71. Be7 c5 72. Bf8 Bc6 73. Be7 Kd5 74. Bd8 Kc4 75. Be7 Kb5 76. Bf8 Bb7 77. Be7 Bd5 78. Bf8 c4 79. Kd4 Ka4 80. Kxd5 e3 81. Bh6 e2 82. Bd2 Kb3 83. Kd4 a4 84. Bc3 Kxa3 85. Kxc4 Ka2 86. Bb4 1/2-1/2

[Event "EYCC Open-U14 2019"]
[Site "Bratislava"]
[Date "2019.08.04"]
[Round "3.6"]
[White "Kusa, Jakub"]
[Black "Stukan, Martin"]
[Result "1/2-1/2"]
[ECO "B51"]
[WhiteElo "2199"]
[BlackElo "2303"]
[Annotator "NA"]
[PlyCount "90"]
[EventDate "2019.08.02"]
[EventType "swiss"]
[EventCountry "SVK"]
[SourceTitle "playchess.com"]
[Source "ChessBase"]
[SourceQuality "1"]
[TimeControl "40/5400+30:1800+30"]

1. e4 c5 2. Nf3 d6 3. Bb5+ Nd7 4. O-O a6 5. Bd3 Ngf6 6. Re1 e5 7. c3 g6 8. Bf1 Bg7 9. d4 O-O 10. a4 cxd4 11. cxd4 exd4 12. Nxd4 Nc5 13. Nc3 d5 14. e5 Nfe4 15. f3 Nxc3 16. bxc3 Bd7 17. a5 Re8 18. f4 Rc8 19. c4 dxc4 20. Bxc4 Bg4 21. Qd2 Ne6 22. Nxe6 Bxe6 23. Bxe6 Rxe6 24. Qxd8+ Rxd8 25. Ba3 f6 26. Red1 Rde8 27. exf6 Rxf6 28. g3 Rf5 29. Rab1 Rxa5 30. Bb2 Bxb2 31. Rxb2 Re7 32. Rb6 Ra2 33. Rdb1 Ree2 34. Rxb7 Rg2+ 35. Kh1 Rxh2+ 36. Kg1 Rhg2+ 37. Kh1 Rh2+ 38. Kg1 Rag2+ 39. Kf1 Rxg3 40. R1b4 Ra3 41. Kg1 Rc2 42. Rb1 Ra4 43. Ra7 Rxf4 44. Rb8+ Rf8 45. Rbb7 Rf5 1/2-1/2

[Event "EYCC Open-U14 2019"]
[Site "Bratislava"]
[Date "2019.08.04"]
[Round "3.7"]
[White "Sokolovsky, Yahli"]
[Black "Stalmach, Richard"]
[Result "1-0"]
[ECO "B06"]
[WhiteElo "2093"]
[BlackElo "2381"]
[Annotator "NA"]
[PlyCount "65"]
[EventDate "2019.08.02"]
[EventType "swiss"]
[EventCountry "SVK"]
[SourceTitle "playchess.com"]
[Source "ChessBase"]
[SourceQuality "1"]
[TimeControl "40/5400+30:1800+30"]

1. e4 g6 2. d4 d6 3. Nc3 Bg7 4. Nf3 a6 5. Be3 b5 6. Bd3 Nd7 7. a4 b4 8. Nb1 Bb7 9. c3 Ngf6 10. Nbd2 c5 11. cxb4 cxd4 12. Bxd4 e5 13. Bc3 d5 14. exd5 Nxd5 15. O-O O-O 16. Re1 Rc8 17. Be4 Re8 18. Qb3 N7f6 19. Rad1 Qc7 20. Rc1 Qb6 21. Nc4 Qe6 22. Ncd2 Bh6 23. Rcd1 Bg7 24. Bxe5 Nxe4 25. Nxe4 Bxe5 26. Nc5 Qb6 27. Rxe5 Nxb4 28. Rxe8+ Rxe8 29. Nd7 Bd5 30. Rxd5 Qe6 31. Qxb4 Rd8 32. Qd2 Rc8 33. h3 1-0

[Event "EYCC Open-U14 2019"]
[Site "Bratislava"]
[Date "2019.08.04"]
[Round "3.8"]
[White "Vojta, Jakub"]
[Black "Sosovicka, Jakub"]
[Result "1-0"]
[ECO "B52"]
[WhiteElo "2238"]
[BlackElo "2097"]
[Annotator "NA"]
[PlyCount "75"]
[EventDate "2019.08.02"]
[EventType "swiss"]
[EventCountry "SVK"]
[SourceTitle "playchess.com"]
[Source "ChessBase"]
[SourceQuality "1"]
[TimeControl "40/5400+30:1800+30"]

1. e4 c5 2. Nf3 d6 3. Bb5+ Bd7 4. Bxd7+ Qxd7 5. c4 Nf6 6. Nc3 g6 7. d4 cxd4 8. Nxd4 Bg7 9. O-O O-O 10. b3 Nc6 11. Bb2 a6 12. Rc1 Rac8 13. Re1 Rfd8 14. Na4 Qc7 15. f4 Nd7 16. Nxc6 bxc6 17. Bxg7 Kxg7 18. b4 Qa7+ 19. Kh1 Qf2 20. g3 Nf6 21. Rc2 Qa7 22. Rd2 Qb7 23. e5 Ne8 24. c5 Qxb4 25. cxd6 exd6 26. Rd4 Qa5 27. e6 fxe6 28. Rxe6 Rc7 29. Rde4 Nf6 30. Qd4 Rf7 31. Rxf6 Rxf6 32. Re7+ Kh6 33. Qxf6 Qd5+ 34. Kg1 Qd1+ 35. Kf2 Qc2+ 36. Re2 Qxa4 37. Qh4+ Kg7 38. Re7+ 1-0

[Event "EYCC Open-U14 2019"]
[Site "Bratislava"]
[Date "2019.08.04"]
[Round "3.9"]
[White "Droin, Augustin"]
[Black "Fernandez Lopez, Ruben"]
[Result "0-1"]
[ECO "B92"]
[WhiteElo "2172"]
[BlackElo "2207"]
[Annotator "NA"]
[PlyCount "70"]
[EventDate "2019.08.02"]
[EventType "swiss"]
[EventCountry "SVK"]
[SourceTitle "playchess.com"]
[Source "ChessBase"]
[SourceQuality "1"]
[TimeControl "40/5400+30:1800+30"]

1. e4 c5 2. Nf3 d6 3. d4 cxd4 4. Nxd4 Nf6 5. Nc3 a6 6. Be2 e5 7. Nb3 Be7 8. Be3 Be6 9. h4 d5 10. exd5 Nxd5 11. Nxd5 Bxd5 12. c4 Bc6 13. Qxd8+ Kxd8 14. f3 Kc7 15. Kf2 Nd7 16. Rac1 a5 17. c5 a4 18. Nd2 Ra5 19. Ne4 Bxe4 20. fxe4 Nxc5 21. b4 axb3 22. axb3 Kb8 23. b4 Nxe4+ 24. Kf3 Ra2 25. Rhd1 Nf6 26. Bb6 Ra3+ 27. Kf2 Rc8 28. Rxc8+ Kxc8 29. Rc1+ Kd7 30. Rc4 Rc3 31. Rxc3 Ne4+ 32. Kf3 Nxc3 33. Bc4 f5 34. Bg8 Bxh4 35. Bxh7 e4+ 0-1

[Event "EYCC Open-U14 2019"]
[Site "Bratislava"]
[Date "2019.08.04"]
[Round "3.10"]
[White "Biletskiy, Danylo"]
[Black "Razafindratsima, Timothe"]
[Result "0-1"]
[ECO "A37"]
[WhiteElo "2105"]
[BlackElo "2178"]
[Annotator "NA"]
[PlyCount "70"]
[EventDate "2019.08.02"]
[EventType "swiss"]
[EventCountry "SVK"]
[SourceTitle "playchess.com"]
[Source "ChessBase"]
[SourceQuality "1"]
[TimeControl "40/5400+30:1800+30"]

1. Nf3 c5 2. c4 Nc6 3. g3 g6 4. Bg2 Bg7 5. Nc3 e6 6. d3 Nge7 7. Bg5 h6 8. Bd2 d5 9. Qc1 b6 10. Rb1 Bb7 11. a3 Rc8 12. O-O Nd4 13. Nxd4 cxd4 14. Na2 h5 15. h4 Qd7 16. b3 a5 17. b4 dxc4 18. Bxb7 Qxb7 19. dxc4 Qa6 20. bxa5 bxa5 21. Rb5 Nc6 22. Qc2 O-O 23. Qa4 d3 24. Nb4 Nxb4 25. Bxb4 dxe2 26. Re1 Rfd8 27. Rxe2 Rxc4 28. Qxa5 Rd1+ 29. Kh2 Qc6 30. Re1 Rc2 31. Rb8+ Kh7 32. Qa7 Qf3 33. Rxd1 Rxf2+ 34. Qxf2 Qxf2+ 35. Kh3 Be5 0-1

[Event "EYCC Open-U14 2019"]
[Site "Bratislava"]
[Date "2019.08.04"]
[Round "3.11"]
[White "Laptii, Nazar"]
[Black "Kirillov, Dmitry"]
[Result "1/2-1/2"]
[ECO "B40"]
[WhiteElo "2133"]
[BlackElo "2244"]
[Annotator "NA"]
[PlyCount "106"]
[EventDate "2019.08.02"]
[EventType "swiss"]
[EventCountry "SVK"]
[SourceTitle "playchess.com"]
[Source "ChessBase"]
[SourceQuality "1"]
[TimeControl "40/5400+30:1800+30"]

1. e4 c5 2. Nf3 e6 3. d3 d5 4. Nbd2 Bd6 5. g3 Ne7 6. Bg2 Nbc6 7. O-O O-O 8. Re1 b6 9. b3 d4 10. a4 e5 11. Rf1 f6 12. Nc4 Bc7 13. Nh4 Be6 14. f4 exf4 15. gxf4 Qd7 16. Bd2 Bh3 17. Rf2 Qg4 18. Qxg4 Bxg4 19. Bf3 Bxf3 20. Rxf3 a6 21. Kf2 b5 22. Nb2 Nb4 23. Bxb4 cxb4 24. Ke2 h6 25. Raf1 g5 26. fxg5 hxg5 27. Nf5 Ng6 28. h4 Nxh4 29. Nxh4 gxh4 30. Nd1 Bg3 31. Nf2 Rac8 32. Kd1 bxa4 33. bxa4 Rc6 34. Ng4 Rfc8 35. Nxf6+ Kh8 36. Nh5 b3 37. Rf8+ Kh7 38. Rxc8 bxc2+ 39. Kc1 Rxc8 40. Nxg3 hxg3 41. Rh1+ Kg6 42. Rg1 Kg5 43. Rxg3+ Kf4 44. Rg2 Rc3 45. Rxc2 Rxd3 46. Rc6 Ra3 47. Rxa6 Ke3 48. Rh6 d3 49. Rh3+ Kd4 50. Rh8 Ra1+ 51. Kd2 Ra2+ 52. Kd1 Rxa4 53. e5 Ra1+ 1/2-1/2

[Event "EYCC Open-U14 2019"]
[Site "Bratislava"]
[Date "2019.08.04"]
[Round "3.12"]
[White "Rozen, Eytan"]
[Black "Trofimov, Pavel"]
[Result "1/2-1/2"]
[ECO "A37"]
[WhiteElo "2260"]
[BlackElo "2151"]
[Annotator "NA"]
[PlyCount "137"]
[EventDate "2019.08.02"]
[EventType "swiss"]
[EventCountry "SVK"]
[SourceTitle "playchess.com"]
[Source "ChessBase"]
[SourceQuality "1"]
[TimeControl "40/5400+30:1800+30"]

1. c4 c5 2. Nf3 Nc6 3. Nc3 g6 4. g3 Bg7 5. Bg2 e6 6. O-O Nge7 7. e3 O-O 8. d4 cxd4 9. exd4 d5 10. cxd5 exd5 11. Be3 Be6 12. Rc1 Nf5 13. Na4 Nxe3 14. fxe3 Qe7 15. Re1 Rac8 16. Nc5 Rfe8 17. Nxe6 Qxe6 18. Ng5 Qe7 19. Nh3 Qb4 20. Bxd5 Bxd4 21. Bxf7+ Kxf7 22. exd4 Qxd4+ 23. Qxd4 Nxd4 24. Rf1+ Kg8 25. Rxc8 Rxc8 26. Rd1 Nf3+ 27. Kg2 Ne5 28. Rd2 Nc4 29. Re2 Rd8 30. b3 Rd2 31. Kf2 Rxe2+ 32. Kxe2 Ne5 33. Ng5 Kg7 34. h3 h6 35. Ne4 b6 36. Ke3 Kf7 37. Nd6+ Ke6 38. Nb5 a5 39. Ke4 Nf7 40. Nd4+ Kd6 41. h4 Ne5 42. Nb5+ Ke6 43. Nc7+ Kd6 44. Ne8+ Ke6 45. Ng7+ Kf6 46. Ne8+ Ke6 47. Nc7+ Kd6 48. Nb5+ Ke6 49. Nd4+ Kd6 50. h5 gxh5 51. Nf5+ Ke6 52. Ng7+ Kf6 53. Nxh5+ Kg5 54. Kxe5 Kxh5 55. Kf5 b5 56. Kf4 Kg6 57. Kg4 b4 58. Kh4 h5 59. g4 hxg4 60. Kxg4 Kf6 61. Kf4 Ke6 62. Ke4 Kd6 63. Kd4 Kc6 64. Kc4 Kb6 65. Kd5 Kb5 66. Ke6 Kc6 67. Ke7 Kc7 68. Ke8 Kc8 69. Ke7 1/2-1/2

[Event "EYCC Open-U14 2019"]
[Site "Bratislava"]
[Date "2019.08.04"]
[Round "3.13"]
[White "Papadiamandis, Elliot"]
[Black "Sahakyan, Aleks"]
[Result "0-1"]
[ECO "B90"]
[WhiteElo "2202"]
[BlackElo "1856"]
[Annotator "NA"]
[PlyCount "92"]
[EventDate "2019.08.02"]
[EventType "swiss"]
[EventCountry "SVK"]
[SourceTitle "playchess.com"]
[Source "ChessBase"]
[SourceQuality "1"]
[TimeControl "40/5400+30:1800+30"]

1. e4 c5 2. Nf3 d6 3. d4 cxd4 4. Nxd4 Nf6 5. Nc3 a6 6. f3 e5 7. Nb3 Be6 8. Be3 h5 9. Qd2 Nbd7 10. Nd5 Bxd5 11. exd5 g6 12. Be2 Bg7 13. Na5 Qc7 14. c4 O-O 15. O-O e4 16. Rac1 Rfe8 17. b4 exf3 18. gxf3 Re7 19. Bd1 Rae8 20. Bg5 Ne5 21. Ba4 b5 22. cxb5 Qb6+ 23. Kh1 axb5 24. Bb3 Nxf3 25. Rxf3 Re2 26. Qf4 R8e4 27. Qg3 Rg4 28. Qh3 Rxg5 29. Qf1 Rge5 30. Nc6 Ng4 31. Qg1 Rxh2+ 32. Qxh2 Nxh2 33. Kxh2 Re2+ 34. Kh1 Be5 35. Nxe5 Rxe5 36. Rcf1 Qd4 37. Rf4 Re4 38. Rxe4 Qxe4+ 39. Kg1 Qxb4 40. Rf3 h4 41. Kg2 Qg4+ 42. Kf2 h3 43. Rg3 Qf4+ 44. Rf3 Qd2+ 45. Kg3 Qg2+ 46. Kf4 h2 0-1

[Event "EYCC Open-U14 2019"]
[Site "Bratislava"]
[Date "2019.08.04"]
[Round "3.14"]
[White "Weihrauch, Jakob"]
[Black "Backiel, Hubert"]
[Result "1/2-1/2"]
[ECO "B34"]
[WhiteElo "2201"]
[BlackElo "1748"]
[Annotator "NA"]
[PlyCount "64"]
[EventDate "2019.08.02"]
[EventType "swiss"]
[EventCountry "SVK"]
[SourceTitle "playchess.com"]
[Source "ChessBase"]
[SourceQuality "1"]
[TimeControl "40/5400+30:1800+30"]

1. e4 c5 2. Nf3 Nc6 3. d4 cxd4 4. Nxd4 Nf6 5. Nc3 e5 6. Ndb5 d6 7. Nd5 Nxd5 8. exd5 Nb8 9. c4 Be7 10. Be3 O-O 11. Bd3 a6 12. Nc3 f5 13. f3 Nd7 14. Qd2 Nf6 15. Na4 e4 16. Be2 f4 17. Bxf4 Nh5 18. Be3 Bh4+ 19. Kd1 exf3 20. Bxf3 Qe8 21. Nb6 Rb8 22. Qe2 g6 23. Nxc8 Rxc8 24. Bg4 Rc7 25. Be6+ Kh8 26. Rf1 Bf6 27. Bh6 Bg7 28. Rxf8+ Qxf8 29. Bg5 h6 30. Be3 Nf4 31. Bxf4 Qxf4 32. Rc1 Qd4+ 1/2-1/2

[Event "EYCC Open-U14 2019"]
[Site "Bratislava"]
[Date "2019.08.04"]
[Round "3.15"]
[White "Djurovic, Peko"]
[Black "Borhy, Marcell"]
[Result "0-1"]
[ECO "B75"]
[WhiteElo "2048"]
[BlackElo "2382"]
[Annotator "NA"]
[PlyCount "68"]
[EventDate "2019.08.02"]
[EventType "swiss"]
[EventCountry "SVK"]
[SourceTitle "playchess.com"]
[Source "ChessBase"]
[SourceQuality "1"]
[TimeControl "40/5400+30:1800+30"]

1. e4 c5 2. Nf3 d6 3. d4 Nf6 4. Nc3 cxd4 5. Nxd4 g6 6. f3 Bg7 7. Be3 a6 8. Qd2 Nbd7 9. O-O-O b5 10. h4 h5 11. Kb1 Bb7 12. a3 Rc8 13. Nb3 Qc7 14. Be2 d5 15. exd5 Nxd5 16. Nxd5 Bxd5 17. Bf4 Qc6 18. Na5 Qf6 19. c4 bxc4 20. Bxc4 Rxc4 21. Nxc4 Qf5+ 22. Qd3 Qxd3+ 23. Rxd3 Bxc4 24. Re3 Nb6 25. Rc1 O-O 26. b3 Be6 27. Be5 Bh6 28. f4 Nd5 29. Rf3 f6 30. Bb2 Nxf4 31. Rc7 Bd5 32. Rg3 Be4+ 33. Ka1 Nd5 34. Rxg6+ Bxg6 0-1

[Event "EYCC Open-U14 2019"]
[Site "Bratislava"]
[Date "2019.08.04"]
[Round "3.16"]
[White "Popov, Konstantin"]
[Black "Poltorak, Sebastian"]
[Result "1-0"]
[ECO "B33"]
[WhiteElo "2367"]
[BlackElo "2068"]
[Annotator "NA"]
[PlyCount "121"]
[EventDate "2019.08.02"]
[EventType "swiss"]
[EventCountry "SVK"]
[SourceTitle "playchess.com"]
[Source "ChessBase"]
[SourceQuality "1"]
[TimeControl "40/5400+30:1800+30"]

1. e4 c5 2. Nf3 Nc6 3. d4 cxd4 4. Nxd4 Nf6 5. Nc3 e5 6. Ndb5 d6 7. Bg5 a6 8. Na3 b5 9. Bxf6 gxf6 10. Nd5 f5 11. g3 fxe4 12. Bg2 Be6 13. Bxe4 Rc8 14. c3 Bg7 15. Qh5 Ne7 16. Rd1 Rc5 17. Nxe7 Qxe7 18. Nc2 d5 19. Bf5 Bxf5 20. Qxf5 Qe6 21. Ne3 O-O 22. O-O Qxf5 23. Nxf5 Rd8 24. Rd2 d4 25. f4 d3 26. fxe5 Rxe5 27. Rf4 Bf8 28. Nd4 Re3 29. Kf2 Rde8 30. Rf3 Bh6 31. Rxd3 Re1 32. Kg2 Ra1 33. a3 Rae1 34. Rf6 Bg7 35. Rxa6 Bxd4 36. cxd4 R1e2+ 37. Kh3 Rxb2 38. d5 Rd8 39. Rb6 Kf8 40. d6 Ke8 41. Rb7 h6 42. g4 Rb1 43. Kh4 Rb2 44. h3 Re2 45. Rxb5 Re6 46. Rbd5 Kd7 47. Rc5 Ra8 48. Rc7+ Ke8 49. d7+ Kd8 50. Rb7 Rea6 51. Rf3 Ke7 52. Rf4 Ke6 53. Rxf7 Rc8 54. Rf3 Rd8 55. Rd3 Ke7 56. Kh5 Re6 57. Rc7 Ra6 58. Rc8 Rxd7 59. Rxd7+ Kxd7 60. Rc3 Ke7 61. Rf3 1-0

[Event "EYCC Open-U14 2019"]
[Site "Bratislava"]
[Date "2019.08.04"]
[Round "3.17"]
[White "Makoveev, Ilya"]
[Black "Ochedzan, Tymon"]
[Result "1-0"]
[ECO "B90"]
[WhiteElo "2288"]
[BlackElo "2037"]
[Annotator "NA"]
[PlyCount "123"]
[EventDate "2019.08.02"]
[EventType "swiss"]
[EventCountry "SVK"]
[SourceTitle "playchess.com"]
[Source "ChessBase"]
[SourceQuality "1"]
[TimeControl "40/5400+30:1800+30"]

1. e4 c5 2. Nf3 d6 3. d4 cxd4 4. Nxd4 Nf6 5. Nc3 a6 6. f3 e5 7. Nb3 Be6 8. Be3 h5 9. Qd2 Nbd7 10. O-O-O Be7 11. Kb1 Rc8 12. h3 b5 13. Bd3 h4 14. f4 Qc7 15. Rhe1 Bc4 16. a3 Bxd3 17. cxd3 b4 18. axb4 Qb7 19. Na2 O-O 20. Rc1 d5 21. fxe5 Nxe5 22. Bd4 Nfd7 23. Nc5 Qb5 24. exd5 Bxc5 25. bxc5 Nxd3 26. Nc3 Qc4 27. Bxg7 Nxe1 28. Qh6 Qd3+ 29. Ka2 Qh7 30. Bxf8 Qxh6 31. Bxh6 Nd3 32. Rd1 N7xc5 33. Bg5 Rb8 34. Rd2 f6 35. Be3 Nb4+ 36. Kb1 Ncd3 37. Na2 Rd8 38. Nxb4 Nxb4 39. d6 Kf7 40. Bf2 Ke6 41. Bxh4 Nd5 42. Bg3 Rg8 43. Bh2 f5 44. Kc2 Rxg2 45. Rxg2 Ne3+ 46. Kd3 Nxg2 47. Bg3 f4 48. Bf2 Kxd6 49. Ke4 Kc6 50. Kf3 Ne3 51. Bxe3 fxe3 52. Kxe3 Kc5 53. Ke4 Kc4 54. h4 a5 55. h5 a4 56. h6 Kb3 57. h7 Kxb2 58. h8=Q+ Ka2 59. Kd3 a3 60. Qb8 Ka1 61. Kc2 a2 62. Qh8# 1-0

[Event "EYCC Open-U14 2019"]
[Site "Bratislava"]
[Date "2019.08.04"]
[Round "3.18"]
[White "Antonica, Dragos-Andrei"]
[Black "Frank, Adam"]
[Result "1-0"]
[ECO "A80"]
[WhiteElo "2124"]
[BlackElo "2125"]
[Annotator "NA"]
[PlyCount "81"]
[EventDate "2019.08.02"]
[EventType "swiss"]
[EventCountry "SVK"]
[SourceTitle "playchess.com"]
[Source "ChessBase"]
[SourceQuality "1"]
[TimeControl "40/5400+30:1800+30"]

1. d4 f5 2. Nc3 d5 3. Bf4 Nf6 4. e3 e6 5. Nf3 Be7 6. Bd3 c6 7. O-O O-O 8. Ne2 Nbd7 9. c4 Ne4 10. Ne5 Nxe5 11. Bxe5 Bd7 12. b4 a5 13. a3 axb4 14. axb4 Rxa1 15. Qxa1 Nd2 16. cxd5 Nxf1 17. d6 Bf6 18. Kxf1 Qa8 19. Qc3 Qa7 20. g4 fxg4 21. Nf4 Ra8 22. Kg2 Qa1 23. Qc2 Ra2 24. Bxh7+ Kf8 25. Qe4 Qd1 26. Ng6+ Ke8 27. Bxf6 Qf3+ 28. Qxf3 gxf3+ 29. Kxf3 gxf6 30. Nf4 Kf7 31. Nd3 Kg7 32. Nc5 Kxh7 33. Nxd7 Kg7 34. Nc5 Kf7 35. Nxb7 Ke8 36. Nc5 Rb2 37. e4 Rxb4 38. Ke3 e5 39. dxe5 fxe5 40. Nd3 Kd7 41. Nxb4 1-0

[Event "EYCC Open-U14 2019"]
[Site "Bratislava"]
[Date "2019.08.04"]
[Round "3.19"]
[White "Tsaruk, Maksim"]
[Black "Brnusak, Tomas"]
[Result "1-0"]
[ECO "B91"]
[WhiteElo "2230"]
[BlackElo "2032"]
[Annotator "NA"]
[PlyCount "169"]
[EventDate "2019.08.02"]
[EventType "swiss"]
[EventCountry "SVK"]
[SourceTitle "playchess.com"]
[Source "ChessBase"]
[SourceQuality "1"]
[TimeControl "40/5400+30:1800+30"]

1. e4 c5 2. Nf3 d6 3. d4 cxd4 4. Nxd4 Nf6 5. Nc3 a6 6. g3 e5 7. Nde2 Be7 8. Bg2 O-O 9. O-O b5 10. Nd5 Nxd5 11. Qxd5 Ra7 12. Be3 Be6 13. Qd2 Rb7 14. Nc3 Nd7 15. Nd5 Bxd5 16. Qxd5 Qc7 17. Rfd1 Nb6 18. Qd3 Nc4 19. Bc1 Qc5 20. b3 Nb6 21. Be3 Qc6 22. Bh3 Rc7 23. a4 Nd7 24. axb5 axb5 25. Qd5 Nc5 26. Qxc6 Rxc6 27. Ra7 Bd8 28. Bxc5 Rxc5 29. Rxd6 Rxc2 30. Bf1 Rc3 31. b4 Rb3 32. Rad7 Bf6 33. Bxb5 Rxb4 34. Bc6 Rb6 35. Bd5 Rxd6 36. Rxd6 Rd8 37. Rc6 Kf8 38. Rc7 Be7 39. Kg2 Rd6 40. Kf3 Rf6+ 41. Ke2 Bd6 42. Rc8+ Ke7 43. Rh8 h6 44. Rc8 Kd7 45. Rg8 g5 46. f3 Bc7 47. Kf2 Bd8 48. Kg2 Ke7 49. Rh8 Ba5 50. Bb7 Rb6 51. Bd5 Rf6 52. Ra8 Bb6 53. Rb8 Bc7 54. Rb7 Kd7 55. Ra7 Kd8 56. Bc4 Kc8 57. Ra8+ Kd7 58. Bb5+ Ke7 59. Re8+ Kd6 60. Ba4 Bb6 61. Rb8 Kc7 62. Re8 Kd6 63. Bb3 Bc7 64. Bd5 Kd7 65. Rh8 Ke7 66. Kh3 Rxf3 67. Rxh6 Rf6 68. Rh8 Rg6 69. Rh7 Rf6 70. Kg4 Ba5 71. Kxg5 Bd2+ 72. Kg4 Rg6+ 73. Kf3 Rf6+ 74. Kg2 Kf8 75. Rh8+ Kg7 76. Re8 Bc3 77. h4 Bd4 78. Re7 Kg6 79. Kh3 Rf2 80. Kg4 Kf6 81. Rxf7+ Kg6 82. Rxf2 Bxf2 83. Kh3 Be3 84. g4 Bf4 85. g5 1-0

[Event "EYCC Open-U14 2019"]
[Site "Bratislava"]
[Date "2019.08.04"]
[Round "3.20"]
[White "Bochnicka, Vladimir"]
[Black "Neumann, Filip"]
[Result "1/2-1/2"]
[ECO "C48"]
[WhiteElo "2169"]
[BlackElo "1982"]
[Annotator "NA"]
[PlyCount "65"]
[EventDate "2019.08.02"]
[EventType "swiss"]
[EventCountry "SVK"]
[SourceTitle "playchess.com"]
[Source "ChessBase"]
[SourceQuality "1"]
[TimeControl "40/5400+30:1800+30"]

1. e4 e5 2. Nf3 Nf6 3. Nc3 Nc6 4. Bb5 d6 5. d4 exd4 6. Nxd4 Bd7 7. Bxc6 bxc6 8. O-O Be7 9. f4 O-O 10. h3 Re8 11. e5 Nd5 12. Qf3 dxe5 13. fxe5 Bc5 14. Qxf7+ Kh8 15. Nxd5 Bxd4+ 16. Be3 Be6 17. Qf4 Bxb2 18. Rab1 Bxe5 19. Qxe5 Bxd5 20. Qg3 Bxa2 21. Rb7 Bc4 22. Rf4 Qe7 23. Rxc4 Qxe3+ 24. Qxe3 Rxe3 25. Rxc6 Re7 26. Ra6 Kg8 27. Raxa7 Rxa7 28. Rxa7 Kf7 29. Kf2 Ke8 30. Ra3 Kd7 31. Re3 Rf7+ 32. Ke2 Kd6 33. Kd3 {[%emt 0:01:22] Ke5 Ke4+} 1/2-1/2

[Event "EYCC Open-U14 2019"]
[Site "Bratislava"]
[Date "2019.08.04"]
[Round "3.21"]
[White "Andrijashkin, Deniss"]
[Black "Shoshin, Kirill"]
[Result "1/2-1/2"]
[ECO "A46"]
[WhiteElo "1862"]
[BlackElo "2089"]
[Annotator "NA"]
[PlyCount "76"]
[EventDate "2019.08.02"]
[EventType "swiss"]
[EventCountry "SVK"]
[SourceTitle "playchess.com"]
[Source "ChessBase"]
[SourceQuality "1"]
[TimeControl "40/5400+30:1800+30"]

1. d4 Nf6 2. Nf3 d5 3. g3 e6 4. Bg2 c5 5. O-O Nc6 6. c4 dxc4 7. Qa4 Bd7 8. Qxc4 b5 9. Qd3 Rc8 10. dxc5 Bxc5 11. Nc3 Nb4 12. Qd2 Qb6 13. Ne5 Bd4 14. Nxd7 Nxd7 15. Ne4 a5 16. Rd1 e5 17. Qg5 O-O 18. e3 f5 19. exd4 fxe4 20. Be3 Nc2 21. dxe5 Qe6 22. Bxe4 Nxe5 23. Bf4 Rc5 24. Rd5 Nf7 25. Rxc5 Qxe4 26. Qd5 Qxd5 27. Rxd5 Nxa1 28. Rxb5 Nc2 29. Rxa5 Nd4 30. Be3 Nf3+ 31. Kg2 N7e5 32. b3 Rd8 33. Rc5 Rd1 34. Rc1 Ne1+ 35. Kf1 Rxc1 36. Bxc1 N1d3 37. Be3 Nb4 38. a4 Kf7 1/2-1/2

[Event "EYCC Open-U14 2019"]
[Site "Bratislava"]
[Date "2019.08.04"]
[Round "3.22"]
[White "Jun, Rudolf Jr."]
[Black "Vaupot, Luka"]
[Result "1-0"]
[ECO "C05"]
[WhiteElo "2200"]
[BlackElo "1939"]
[Annotator "NA"]
[PlyCount "51"]
[EventDate "2019.08.02"]
[EventType "swiss"]
[EventCountry "SVK"]
[SourceTitle "playchess.com"]
[Source "ChessBase"]
[SourceQuality "1"]
[TimeControl "40/5400+30:1800+30"]

1. e4 e6 2. d4 d5 3. Nd2 Nf6 4. Bd3 c5 5. exd5 Qxd5 6. Ngf3 cxd4 7. O-O Be7 8. Bc4 Qd6 9. Nb3 e5 10. Qe1 Nbd7 11. Ng5 O-O 12. f4 h6 13. Nf3 e4 14. Nfxd4 Nb6 15. Be2 a5 16. Nb5 Qc6 17. Kh1 Qxc2 18. N3d4 Qc5 19. Nb3 Qc6 20. Nxa5 Qc2 21. Nd4 Qc7 22. Bd2 Nfd5 23. Rc1 Qd8 24. Nc4 Nxf4 25. Bxf4 Qxd4 26. Be3 1-0

[Event "EYCC Open-U14 2019"]
[Site "Bratislava"]
[Date "2019.08.04"]
[Round "3.23"]
[White "Chyzy, Jakub"]
[Black "Meskenas, Paulius"]
[Result "1-0"]
[ECO "C47"]
[WhiteElo "2093"]
[BlackElo "2040"]
[Annotator "NA"]
[PlyCount "81"]
[EventDate "2019.08.02"]
[EventType "swiss"]
[EventCountry "SVK"]
[SourceTitle "playchess.com"]
[Source "ChessBase"]
[SourceQuality "1"]
[TimeControl "40/5400+30:1800+30"]

1. e4 e5 2. Nf3 Nc6 3. Nc3 Nf6 4. a3 Bc5 5. Nxe5 Nxe5 6. d4 Bd6 7. f4 Neg4 8. e5 Be7 9. exf6 Nxf6 10. Bd3 d5 11. O-O Bg4 12. Qe1 Qd7 13. h3 Bf5 14. Bxf5 Qxf5 15. Qe5 Qd7 16. Re1 Kd8 17. Qe2 Re8 18. Qf3 c6 19. f5 Kc8 20. Be3 b6 21. b4 Kb7 22. b5 cxb5 23. Bg5 h6 24. Bf4 Rac8 25. Re5 Red8 26. Rae1 Bd6 27. Nxd5 Bxe5 28. Nb4+ Rc6 29. dxe5 Ne8 30. e6 Qd4+ 31. Kh1 Qc3 32. Nxc6 Qxc6 33. exf7 Qxf3 34. gxf3 Nf6 35. Bd6 Nh7 36. Bb4 a5 37. Be7 Ra8 38. Rg1 Kc7 39. Rxg7 Kd7 40. Rxh7 Kxe7 41. f8=Q+ 1-0